 Dungeon Crawl Stone Soup version 0.31-a0-246-g8cbcc1cb85 (webtiles) character file.

Game seed: 12065067170883432900

947 cforsyth the Changeling (level 8, -4/22 HPs)
             Began as an Ogre Shapeshifter on July 12, 2023.
             Slain by a gnoll
             ... wielding a +0 whip
              (7 damage)
             ... on level 5 of the Dungeon.
             The game lasted 00:05:21 (3204 turns).

cforsyth the Changeling (Ogre Shapeshifter)         Turns: 3204, Time: 00:05:22

Health: -4/22      AC:  3    Str: 22    XL:     8   Next: 13%
Magic:  8/8        EV:  9    Int:  9    God:
Gold:   139        SH:  0    Dex:  9    Spells: 7/7 levels left

rFire   . .          .
                       - Unarmed
rCold   + . .        (no shield)
rNeg    + + +        a - +0 animal skin
rPois   ∞            (helmet restricted)
rElec   .            (no cloak)
rCorr   .            (gloves unavailable)
SInv    .            (boots unavailable)
Will    .....        t - amulet of regeneration
Stlth   +            (no ring)
HPRegen 1.03/turn    (no ring)
MPRegen 0.11/turn

%: no passive effects
@: death-form
A: vile attack, torment immunity, no potions, reduced hp, large, unfitting
armour, tough skin 1
a: Siphon Essence


You were on level 5 of the Dungeon.
You were an undying horror.
You visited 1 branch of the dungeon, and saw 5 of its levels.

You collected 251 gold pieces.
You spent 112 gold pieces at shops.

Inventory:

Armour
 a - a +0 animal skin (worn)
Jewellery
 t - an amulet of regeneration (around neck)
Talismans
 c - a beast talisman
 x - a talisman of death
Scrolls
 d - 5 scrolls of identify {unknown}
 f - a scroll of vulnerability {unknown}
 g - a scroll of blinking {unknown}
 h - 3 scrolls of enchant weapon {unknown}
 i - 3 scrolls of noise {unknown}
 j - 2 scrolls of poison {unknown}
 l - 3 scrolls of amnesia {unknown}
 m - 3 scrolls of teleportation {unknown}
 n - a scroll of immolation {unknown}
 q - a scroll of revelation {unknown}
 v - a scroll of fog {unknown}
Potions
 b - 3 potions of lignification
 e - a potion of enlightenment {unknown}
 k - a potion of might {unknown}
 o - a potion of magic {unknown}
 p - a potion of brilliance {unknown}
 r - a potion of degeneration {unknown}
 s - a potion of attraction {unknown}
 u - 2 potions of haste {unknown}
 w - a potion of heal wounds {unknown}


   Skills:
 - Level 2.6 Fighting
 - Level 1.7 Dodging
 + Level 6.1 Unarmed Combat
 + Level 6.1 Shapeshifting


You had 7 spell levels left.
You didn't know any spells.
Your spell library contained the following spells:

 Spells                   Type           Power      Damage    Failure   Level
 Sting                    Tmut/Pois      0%         1d3       38%         1
 Passwall                 Tmut/Erth      0%         N/A       52%         2
 Scorch                   Fire           0%         2d5       52%         2
 Flame Wave               Conj/Fire      0%         2d4       99%         4
 Borgnjor's Vile Clutch   Necr/Erth      0%         N/A       100%        5
 Leda's Unmaking          Conj/Erth      0%         9d1       100%        6
 Summon Cactus Giant      Summ           0%         N/A       100%        6


Dungeon Overview and Level Annotations

Branches:
Dungeon (5/15)
 Temple: D:4-7

Altars:

Shops:
D:4 !**


Innate Abilities, Weirdness & Mutations

You are an undying horror.
Your melee and unarmed attacks drain, slow and weaken victims.
You are immune to unholy pain and torment.
You cannot drink.
Your maximum health is decreased, since you lack skill for your form.
You are immune to poison.
You are too large for most types of armour.
You have tough skin. (AC +1)


Message History

Your transformation has ended.
Your flesh twists and warps into a mockery of life!
HP restored.
You climb downwards.
Found a pink potion.
There is a stone staircase leading up here.
u - 2 pink potions (gained 1)
An adder comes into view.
The adder hisses angrily.
A gnoll comes into view. It is wielding a +0 spear.
The gnoll shouts!
The gnoll shouts!
You hit the adder but do no damage. You drain the adder.
The adder is lightly wounded.
The adder completely misses you.
You punch the adder!
You kill the adder!
A gnoll comes into view. It is wielding a +0 whip.
The gnoll shouts!
Something shouts, "Return whence thou came, thou froward ruttish nothing!"
A phantom comes into view.
You punch the gnoll!
You kill the gnoll!
You hit the gnoll.
The gnoll decays.
You punch the gnoll.
The gnoll is heavily wounded.
The gnoll hits you with a +0 whip.
You punch the gnoll!
You kill the gnoll!
The gnoll hits you with a +0 whip! The gnoll attacks as you move away!
The gnoll hits you with a +0 whip.
* * * LOW HITPOINT WARNING * * *
The gnoll attacks as you move away! The gnoll closely misses you.
The gnoll attacks as you move away! The gnoll hits you with a +0 whip.
* * * LOW HITPOINT WARNING * * *
The gnoll barely misses you. The gnoll attacks as you move away!
The gnoll hits you with a +0 whip.
* * * LOW HITPOINT WARNING * * *
The white imp puffs mist at you. The gnoll attacks as you move away!
The gnoll hits you with a +0 whip!
You die...

... ......##........
... ................
... ...............
... ......?........
... #..5)...# ...
#....# ##. ##.†.#
#... .
...###...######...#
..
........Wgz......#
......#..g#.#....# #
..#####.#####....#.#
.........###.......#
.........#^#........
............<....#
.#.....##........#
####.. #...........
#.. ##.......#..


You could see a phantom, 2 gnolls and a white imp.

Vanquished Creatures
  Sigmund (D:2)
  Menkaure (D:5)
  An ogre (D:4)
  A phantom (D:4)
  2 scorpions
  A howler monkey (D:4)
  A jelly (D:3)
  3 hounds (D:4)
  An iguana (D:4)
  4 adders
  6 gnolls
  An ufetubus (D:4)
  2 worms
  An orc (D:4)
  10 ball pythons
  7 bats
  7 endoplasms
  5 giant cockroaches
  7 goblins
  6 hobgoblins
  17 jackals
  11 kobolds
  A quokka (D:3)
  4 frilled lizards (D:2)
  5 rats
106 creatures vanquished.

Notes
Turn   | Place    | Note
-------+----------+-------------------------------------------
     0 | D:1      | cforsyth the Ogre Shapeshifter began the quest for the Orb.
     0 | D:1      | Reached XP level 1. HP: 22/22 MP: 1/1
   115 | D:1      | Reached XP level 2. HP: 12/29 MP: 2/2
   254 | D:1      | HP: 1/29 [jackal (1)]
   381 | D:1      | Found a faded altar of an unknown god.
   526 | D:1      | Reached XP level 3. HP: 36/36 MP: 3/3
  1075 | D:2      | Noticed Sigmund
  1089 | D:2      | Killed Sigmund
  1090 | D:2      | Reached XP level 4. HP: 14/44 MP: 4/4
  1090 | D:2      | Reached XP level 5. HP: 17/50 MP: 5/5
  1589 | D:3      | Identified the staff "Uqume" {rF+ rN+ Will+ Necro}
  1611 | D:3      | Reached XP level 6. HP: 59/59 MP: 6/6
  2126 | D:4      | Got the Catalogue of Infected Topomancy
  2171 | D:4      | Reached skill level 5 in Shapeshifting
  2239 | D:4      | Reached XP level 7. HP: 65/66 MP: 7/7
  2413 | D:4      | Reached skill level 5 in Unarmed Combat
  2476 | D:4      | Found Icua's Assorted Antiques.
  2476 | D:4      | Found Jihy's General Store.
  2478 | D:4      | Found Eguruengimn's Distillery.
  2484 | D:4      | Bought 2 scrolls labelled QEUSSEENEA for 38 gold pieces
  2484 | D:4      | Bought a scroll labelled SOIGOSCH ESAUHO for 19 gold pieces
  2484 | D:4      | Bought 2 scrolls labelled DIUNUV ROC JAO for 38 gold pieces
  2484 | D:4      | Bought an amethyst potion for 17 gold pieces
  2837 | D:5      | Entered Level 5 of the Dungeon
  2837 | D:5      | Noticed Menkaure
  2896 | D:5      | Killed Menkaure
  3121 | D:4      | Reached XP level 8. HP: 59/74 MP: 8/8
  3204 | D:5      | Slain by a gnoll

Illustrated notes

Levels and vault maps discovered:
D:1:      minmay_arrival_stair_chambers, layout_basic,
          dreamdust_ecumenical_altar_statues, minmay_misc_feat_pillars,
          minmay_distorted
D:2:      minmay_chambers_of_ones, layout_basic, uniq_sigmund
D:3:      layout_rooms
D:4:      layout_loops_ring, kennysheep_pointless_box,
          nicolae_shop_distant_corner_stores, nicolae_grassy_gnolls
D:5:      kennysheep_kobold_camp, layout_cave_pools, uniq_menkaure

Skill      XL: |  1  2  3  4  5  6  7  8 |
---------------+-------------------------+-----
Unarmed Combat | 2 3 4 5 6 |  6.1
Shapeshifting  | 4 5 6 |  6.1
Fighting       | |  2.6
Dodging        | |  1.7

Action                     |  1- 3 |  4- 6 |  7- 9 || total
---------------------------+-------+-------+-------++-------
  Melee: Unarmed           |   120 |    91 |    82 ||   293
         Punch             |     1 |     2 |     2 ||     5
   Stab: Sleeping          |     1 |       |       ||     1
 Armour: Animal skin       |    54 |    22 |    11 ||    87
  Dodge: Dodged            |    75 |    49 |    39 ||   163
   Form: Death             |       |       |     2 ||     2
         Beast             |       |       |     1 ||     1

Table legend: (Time is in decaauts)
 A = Elapsed time spent in this place.
 B = Non-inter-level travel time spent in this place.
 C = Inter-level travel time spent in this place.
 D = Time resting spent in this place.
 E = Time spent auto-exploring this place.
 F = Levels seen in this place.
 G = Mean time per level.
                   A        B        C        D        E       F      G
               +--------+--------+--------+--------+--------+-----+--------+
         Total |   3185 |   3084 |    101 |    225 |   2217 |   5 |  637.0 |
       Dungeon |   3185 |   3084 |    101 |    225 |   2217 |   5 |  637.0 |
               +--------+--------+--------+--------+--------+-----+--------+

Top non-repeatable levels by time:
     D:4: 1114 daAuts
     D:2: 835 daAuts
     D:1: 732 daAuts
     D:3: 432 daAuts
     D:5: 70 daAuts
